 Dungeon Crawl Stone Soup version 0.29.1-12-g30fa7ad0bf (webtiles) character file.

Game seed: 6733596719078043360

2866 croobank the Protected (level 9, -1/82 HPs)
             Began as a Minotaur Fighter on Dec 24, 2022.
             Slain by a balrug
             ... wielding a +0 demon whip of freezing
              (14 damage)
             ... on level 1 of the Abyss.
             The game lasted 00:22:35 (8848 turns).

croobank the Protected (Minotaur Fighter)           Turns: 8848, Time: 00:22:35

Health: -1/82      AC: 14    Str: 26    XL:     9   Next: 47%
Magic:  8/8        EV: 10    Int:  5    God:
Gold:   624        SH:  5    Dex:  9    Spells: 8/8 levels left

rFire   + + .      SeeInvis .   a - +0 war axe
rCold   . . .      Faith    .   c - +0 buckler
rNeg    . . .      Spirit   .   g - +3 swamp dragon scales
rPois   +          Reflect  .   (helmet restricted)
rElec   .          Harm     .   q - scarf {rC+ rF+}
rCorr   .          Rampage  .   (no gloves)
Will    .....                   u - +0 pair of boots
Stlth   ..........              (no amulet)
HPRegen 0.23/turn               z - ring of fire
MPRegen 0.11/turn               (no ring)

@: mighty, on fire, about to teleport, hasted, glowing, very quick
A: horns 2, retaliatory headbutt, screaming 1
a: no special abilities


You were on level 1 of the Abyss.
You visited 1 branch of the dungeon, and saw 7 of its levels.
You visited the Abyss 1 time.
You also visited: Ossuary.

You collected 624 gold pieces.

Inventory:

Hand Weapons
 a - a +0 war axe (weapon)
 h - a +2 dagger of venom
 s - a +0 morningstar
 v - a +1 halberd of freezing
Missiles
 w - 10 boomerangs
Armour
 b - a +0 scale mail
 c - a +0 buckler (worn)
 g - +3 swamp dragon scales (worn)
 q - a scarf of resistance (worn)
 u - a +0 pair of boots (worn)
Jewellery
 z - a ring of fire (left hand)
Wands
 y - a wand of charming (6) (quivered)
Scrolls
 f - 3 scrolls of silence
 x - a scroll of magic mapping
Potions
 d - a potion of might
 e - a potion of cancellation
 j - 3 potions of attraction
 k - 6 potions of curing
 l - 2 potions of resistance
 m - a potion of lignification {unknown}
 n - a potion of mutation
 o - a potion of invisibility
 r - 2 potions of flight
 B - a potion of magic {unknown}


   Skills:
 + Level 8.7 Fighting
 + Level 8.2 Axes
 + Level 8.7 Armour
 + Level 8.6 Shields


You had 8 spell levels left.
You didn't know any spells.
Your spell library contained the following spells:

 Spells                   Type           Power      Damage    Failure   Level
 Gell's Gravitas          Tloc           0%         N/A       95%         3
 Lesser Beckoning         Tloc           0%         N/A       95%         3
 Teleport Other           Tloc           0%         N/A       95%         3
 Conjure Ball Lightning   Conj/Air       0%         3x3d6     100%        6
 Discord                  Hex            0%         N/A       100%        8
 Disjunction              Tloc           0%         N/A       100%        8


Dungeon Overview and Level Annotations

Branches:
Dungeon (7/15)            Ossuary (visited)
 Temple: D:4-7

Altars:
Cheibriados
Fedhas
Hepliaklqana
Nemelex Xobeh
Okawaru
Sif Muna
Trog
Uskayaw
Wu Jian
Yredelemnul
Zin

Annotations:
D:6 2 transporters, Coaxmetal's ghost, novice GrEE
D:7 Maggie


Innate Abilities, Weirdness & Mutations

You have a pair of horns on your head.
You reflexively headbutt those who attack you in melee.
You occasionally shout uncontrollably at your foes.


Message History

You closely miss the balrug. You barely miss the iron imp.
You slash the starcursed mass!
The starcursed mass shudders and is absorbed by its neighbour.
The balrug gestures at you. Something smites you!
A starcursed mass splits.
A chorus of shrieks assaults your mind.
You slash the balrug!
The balrug is lightly wounded.
You hit the starcursed mass. You barely miss the iron imp.
The starcursed mass shudders and is absorbed by its neighbour.
You block the balrug's attack.
A starcursed mass splits.
A ynoxinul comes into view.
The iron imp sputters.
The iron imp closely misses you. A chorus of shrieks assaults your mind.
* * * LOW HITPOINT WARNING * * *
You feel much better.
The ynoxinul bellows!
The balrug hits you with a +0 demon whip of freezing.
You are engulfed in flames!
You resist. The balrug freezes you.
Okay, then.
You barely miss the wolf spider. You hit the starcursed mass.
You barely miss the balrug.
The starcursed mass shudders and is absorbed by its neighbour.
A chorus of shrieks assaults your mind. The balrug gestures at you.
The sticky flame hits you. You resist.
You are covered in liquid flames!
* * * LOW HITPOINT WARNING * * *
Okay, then.
You slice the wolf spider!!
The wolf spider is moderately wounded.
You slash the starcursed mass! You hit the balrug.
The starcursed mass shudders and is absorbed by its neighbour.
You are covered in liquid flames!
The wolf spider hits you!
* * * LOW HITPOINT WARNING * * *
The wolf spider bites you but does no damage.
A starcursed mass splits.
The balrug hits you with a +0 demon whip of freezing!
You die...

#... #.
...#. # .#
.#..
#.....###
..#....#
#s..#.#
#..#.#.2
#.5x#####
#..t2@#
#.#.s#>X..#
#..#.#X####
#......##X
#.##..#. .#
.. .3. ##..
...#. ..
#.## #.


You could see 3 starcursed masses, a balrug, a wolf spider (summoned), an
apocalypse crab, an orb spider (summoned), a worldbinder, a ynoxinul and an iron
imp.

Vanquished Creatures
  2 kobold demonologists
  A steam dragon (D:6)
  Duvessa (D:4)
  A water moccasin (D:5)
  An orc warrior (D:4)
  3 black bears
  A centaur (D:6)
  2 phantoms (D:6)
  A kobold brigand (D:4)
  2 bullfrogs (D:6)
  An elf skeleton (D:4)
  3 scorpions
  Dowan (D:4)
  3 killer bees (D:7)
  A howler monkey (D:5)
  8 hounds
  2 orc priests (D:4)
  3 iguanas (D:6)
  3 orc wizards
  2 human skeletons (D:4)
  2 mummies (Ossuary)
  7 gnolls
  6 adders
  2 shadow imps
  3 ufetubi
  2 worms
  A dart slug (D:1)
  22 orcs
  11 ball pythons
  5 bats
  5 endoplasms
  4 giant cockroaches
  2 gnoll zombies (Ossuary)
  5 goblins
  7 hobgoblins
  7 jackals
  4 quokkas
  5 frilled lizards
  4 goblin zombies (Ossuary)
  5 hobgoblin zombies (Ossuary)
  8 kobolds
  An orc skeleton (D:4)
  5 orc zombies
  5 rats
170 creatures vanquished.

Vanquished Creatures (others)
  An orc (D:6)
1 creature vanquished.

Grand Total: 171 creatures vanquished

Notes
Turn   | Place    | Note
-------+----------+-------------------------------------------
     0 | D:1      | croobank the Minotaur Fighter began the quest for the Orb.
     0 | D:1      | Reached XP level 1. HP: 19/19 MP: 0/0
   238 | D:1      | Reached XP level 2. HP: 27/27 MP: 1/1
   717 | D:1      | Found a faded altar of an unknown god.
   840 | D:1      | Reached XP level 3. HP: 29/33 MP: 2/2
  1166 | D:2      | Reached XP level 4. HP: 28/41 MP: 3/3
  1267 | D:2      | Found a hide-covered altar of Uskayaw.
  1991 | D:3      | Reached XP level 5. HP: 28/47 MP: 4/4
  2728 | D:3      | Found a faded altar of an unknown god.
  2732 | D:3      | Found a hazy altar of Hepliaklqana.
  2768 | D:3      | Identified a scroll of acquirement
  2768 | D:3      | Acquired +2 swamp dragon scales
  3061 | D:3      | Found an ornate altar of the Wu Jian Council.
  3478 | D:4      | Found a sand-covered staircase.
  3491 | D:4      | Reached skill level 5 in Fighting
  3491 | D:4      | Reached skill level 5 in Armour
  3491 | D:4      | Reached skill level 5 in Shields
  3493 | Ossuary  | Entered an ossuary
  3593 | Ossuary  | Reached XP level 6. HP: 56/56 MP: 5/5
  3933 | D:4      | Noticed an orc warrior
  4559 | D:4      | Killed an orc warrior
  4560 | D:4      | Reached skill level 5 in Axes
  4560 | D:4      | Reached XP level 7. HP: 31/62 MP: 6/6
  4789 | D:4      | Noticed Duvessa
  4790 | D:4      | Noticed Dowan
  4797 | D:5      | Entered Level 5 of the Dungeon
  5617 | D:4      | Killed Duvessa
  5625 | D:4      | Killed Dowan
  6151 | D:4      | Found a sparkling altar of Nemelex Xobeh.
  6499 | D:5      | Reached XP level 8. HP: 65/71 MP: 7/7
  6711 | D:5      | Found a snail-covered altar of Cheibriados.
  6711 | D:5      | Found a faded altar of an unknown god.
  6719 | D:5      | Found a glowing silver altar of Zin.
  6721 | D:5      | Found a basalt altar of Yredelemnul.
  6723 | D:5      | Found a bloodstained altar of Trog.
  7673 | D:6      | Found an iron altar of Okawaru.
  7783 | D:6      | Found a blossoming altar of Fedhas.
  7858 | D:6      | Found a large runed translucent door.
  7860 | D:6      | Found a large runed translucent door.
  7891 | D:6      | Reached XP level 9. HP: 78/81 MP: 8/8
  7967 | D:6      | Noticed Coaxmetal's ghost (novice GrEE)
  7977 | D:6      | Found a transporter.
  8010 | D:6      | Noticed a kobold demonologist
  8040 | D:6      | Killed a kobold demonologist
  8252 | D:6      | Found a transporter.
  8632 | D:6      | Found a hide-covered altar of Uskayaw.
  8635 | D:6      | Found a shimmering blue altar of Sif Muna.
  8747 | D:7      | Noticed Maggie
  8755 | Abyss:1  | Found a corrupted altar of Lugonu.
  8755 | Abyss:1  | Cast into level 1 of the Abyss (Maggie)
  8776 | Abyss:1  | Found a corrupted altar of Lugonu.
  8782 | Abyss:1  | Found a corrupted altar of Lugonu.
  8784 | Abyss:1  | Noticed a thrashing horror
  8788 | Abyss:1  | Noticed a kobold demonologist
  8814 | Abyss:1  | Noticed a balrug
  8815 | Abyss:1  | Killed a kobold demonologist
  8815 | Abyss:1  | Gained mutation: You occasionally shout uncontrollably at
                  | your foes. [a neqoxec]
  8827 | Abyss:1  | Noticed a wizard
  8833 | Abyss:1  | Noticed a starcursed mass
  8837 | Abyss:1  | Noticed an apocalypse crab
  8839 | Abyss:1  | Noticed a worldbinder
  8842 | Abyss:1  | Noticed a wolf spider
  8845 | Abyss:1  | Noticed an orb spider
  8848 | Abyss:1  | Slain by a balrug

Illustrated notes

Levels and vault maps discovered:
D:1:      minmay_arrival_up_and_down, layout_loops_ring,
          shapermc_ecumenical_altar_mp_highgroup
D:2:      layout_basic, basic_altar
D:3:      layout_basic, pdpol_wu_jian_five_deadly_venoms,
          nicolae_overflow_ecumenical_swirl, st_stairs_11
D:4:      layout_layer_cave, nemelex_diamond_rough_becter,
          nicolae_ossuary_entry_catacombs, guppyfry_early_orc_mine, uniq_duvessa
D:5:      layout_basic, chequers_temple_overflow_minitemple
D:6:      layout_loops_ring, amcnicky_altar_gilded, overflow_temple_1_default,
          jmf_multi_god_temple2, gammafunk_ghost_stat_death
D:7:      layout_basic, gammafunk_temple_overflow_elements,
          minmay_temple_entry_mist, nzn_random_ring, uniq_maggie
Abyss:1:  base:
D:7

Skill      XL: |  1  2  3  4  5  6  7  8  9 |
---------------+----------------------------+-----
Fighting       | 4 5 6 8 |  8.7
Shields        | 4 5 6 7 8 |  8.6
Armour         | 4 5 6 8 |  8.7
Axes           | 3 4 5 6 7 8 |  8.2

Action                   |  1- 3 |  4- 6 |  7- 9 || total
-------------------------+-------+-------+-------++-------
Melee: War axe           |    87 |   215 |   204 ||   506
       Headbutt          |    10 |    38 |    31 ||    79
Throw: Throwing net      |       |     1 |     3 ||     4
       Boomerang         |       |       |     6 ||     6
Evoke: Wand              |       |       |     3 ||     3
  Use: Scroll            |       |    19 |     5 ||    24
       Potion            |       |       |     5 ||     5
 Stab: Held in net/web   |       |       |     2 ||     2
Armor: Scale mail        |    44 |    35 |       ||    79
       Swamp dragon scal |       |    77 |   107 ||   184
Dodge: Dodged            |    45 |   114 |   127 ||   286
Block: Buckler           |    20 |    40 |    61 ||   121
